 Dungeon Crawl Stone Soup version 0.23.2-1-ga50397a (webtiles) character file.

Game seed: 14131617000149858830

112 Goblin1989 the Cudgeler (level 4, 0/44 HPs)
             Began as an Ogre Skald on May 10, 2019.
             Slain by an ogre
             ... wielding a +0 giant spiked club
              (30 damage)
             ... on level 2 of the Dungeon.
             The game lasted 00:04:55 (3186 turns).

Goblin1989 the Cudgeler (Ogre Skald)                Turns: 3186, Time: 00:04:56

Health: 0/44       AC:  5    Str: 16    XL:     4   Next: 93%
Magic:  1/7        EV: 10    Int: 14    God:
Gold:   131        SH:  0    Dex:  8    Spells: 1/7 levels left

rFire    . . .     SeeInvis .   l - +0 whip
rCold    . . .     Gourm    .   (no shield)
rNeg     . . .     Faith    .   v - +2 robe
rPois    .         Spirit   .   (helmet restricted)
rElec    .         Reflect  .   (no cloak)
rCorr    .         Harm     .   (gloves unavailable)
MR       .....                  (boots unavailable)
Stlth    +.........             (no amulet)
HPRegen  0.14/turn              (no ring)
MPRegen  0.10/turn              (no ring)

@: infused
A: large, unfitting armour, tough skin 1
a: no special abilities


You were on level 2 of the Dungeon.
You were not hungry.

You visited 1 branch of the dungeon, and saw 2 of its levels.

You collected 131 gold pieces.

Inventory:

Hand Weapons
 a - a +0 mace
 l - a +0 whip (weapon)
 x - a +0 hunting sling
Missiles
 o - 64 stones (quivered) {@Q3}
 p - 11 arrows
Armour
 v - a +2 robe (worn)
Jewellery
 m - a cursed ring of teleportation {unknown}
Scrolls
 g - 2 scrolls of fear {unknown}
 i - 3 scrolls of enchant armour {unknown}
 j - 2 scrolls of teleportation {unknown}
 k - a scroll of identify {unknown}
 n - a scroll of remove curse {unknown}
 s - a scroll of noise {unknown}
 y - a scroll of enchant weapon {unknown}
Potions
 q - a potion of resistance {unknown}
 r - a potion of flight {unknown}
 u - a potion of cancellation {unknown}
Comestibles
 e - 3 rations
 z - a chunk of flesh


   Skills:
 + Level 2.7 Fighting
 * Level 4.4 Maces & Flails
 + Level 2.1 Dodging
 - Level 2.4 Spellcasting
 - Level 2.6 Charms


You had one spell level left.
You knew the following spells:

 Your Spells              Type           Power        Failure   Level  Hunger
a - Infusion              Chrm           #...         8%          1    #......
y - Song of Slaying       Chrm           #.......     12%         2    ###....
R - Regeneration          Chrm/Necr      #.........   36%         3    ###....

Your spell library contained the following spells:

 Spells                   Type           Power        Failure   Level  Hunger
 Shroud of Golubria       Chrm/Tloc      #.........   21%         2    ###....
 Spectral Weapon          Hex/Chrm       #.......     36%         3    ###....


Dungeon Overview and Level Annotations

Branches:
Dungeon (2/15)

Altars:


Innate Abilities, Weirdness & Mutations

You are too large for most types of armour.
You have tough skin. (AC +1)


Message History

No target in view!
No target in view!
No target in view!
No target in view!
No target in view!
No target in view!
No target in view!
No target in view!
A goblin comes into view.
The goblin shouts!
The goblin wields a +0 hunting sling.
The goblin shoots a stone.
The stone hits you!
Things that are here:
a stone; a bat corpse You take 7 damage, and have 37/44 hp.
The goblin shoots a stone.
The stone hits you.
You see here a stone.
The goblin shoots a stone.
The stone hits you.
You see here a stone.
The goblin shoots a stone.
The stone hits you.
You see here a stone.
The goblin unwields a +0 hunting sling.
The goblin hits you.
You take 6 damage, and have 31/44 hp.
You hit the goblin.
You kill the goblin!
No target in view!
No target in view!
No target in view!
No target in view!
No target in view!
No target in view!
No target in view!
No target in view!
No target in view!
No target in view!
No target in view!
No target in view!
No target in view!
No target in view!
No target in view!
No target in view!
No target in view!
No target in view!
No target in view!
Some of the chunks of flesh in your inventory have rotted away.
Key pressed, stopping explore.
o - 44 stones {@Q3} (gained 1) Health restored: 44 All of the chunks of flesh in your inventory have rotted away.
o - 45 stones {@Q3} (gained 1)
o - 46 stones {@Q3} (gained 1)
o - 47 stones {@Q3} (gained 1)
You butcher the bat corpse.
z - a chunk of flesh You see here a bat skeleton. x2
o - 64 stones {@Q3} (gained 17)
You see here a +0 hunting sling.
There is a stone staircase leading down here.
Found a stone staircase leading up.
You now have 124 gold pieces (gained 9).
You now have 131 gold pieces (gained 7).
A giant cockroach and an ogre come into view.
The ogre shouts!
There are monsters nearby!
The giant cockroach barely misses you.
The giant cockroach bites you but does no damage.
Casting: Infusion (safe; 8% risk of failure)
Confirm with . or Enter, or press ? or * to list all spells.
You begin infusing your attacks with magical energy.
The giant cockroach bites you but does no damage.
You now have 6/7 mp.
You closely miss the giant cockroach. The giant cockroach barely misses you.
You hit the giant cockroach.
The giant cockroach is moderately wounded.
The giant cockroach closely misses you.
You hit the giant cockroach.
The giant cockroach is almost dead.
The giant cockroach bites you but does no damage.
You closely miss the giant cockroach.
The giant cockroach is almost dead.
The giant cockroach bites you but does no damage.
You hit the giant cockroach.
You kill the giant cockroach!
You now have 5/7 mp.
You hit the ogre!
The ogre is moderately wounded.
The ogre barely misses you.
You now have 4/7 mp.
You hit the ogre.
The ogre is heavily wounded.
The ogre hits you with a +0 giant spiked club!
You take 15 damage, and have 29/44 hp.
MASSIVE DAMAGE!!
You now have 3/7 mp.
You whack the ogre!
The ogre is severely wounded.
You now have 2/7 mp.
You hit the ogre.
The ogre is almost dead.
The ogre hits you with a +0 giant spiked club!!
Ouch! That really hurt!
You die...

█.█ ██ █.█████████ █.█
. █.█ █.█ █.█$█
█.█..█.█.████████
█.█.....O....?...
█.██████.██████.█
█........█
████.█.████..███████.█
...............O@.!..█
████.████...██████████
█< █.█.█ █


█████ You could see an ogre.

Vanquished Creatures
  Jessica (D:2)
  Robin (D:2)
  An adder (D:2)
  An ooze (D:2)
  2 worms (D:2)
  2 dart slugs
  A leopard gecko (D:2)
  5 bats
  A giant cockroach (D:2)
  10 goblins
  8 hobgoblins
  2 jackals (D:1)
  2 quokkas (D:2)
  2 frilled lizards
  5 kobolds
  3 rats
47 creatures vanquished.

Notes
Turn   | Place    | Note
-------+----------+-------------------------------------------
     0 | D:1      | Goblin1989 the Ogre Skald began the quest for the Orb.
     0 | D:1      | Reached XP level 1. HP: 22/22 MP: 3/3
    45 | D:1      | Reached skill level 2 in Maces & Flails
   257 | D:1      | Reached XP level 2. HP: 17/29 MP: 5/5
   975 | D:1      | Reached skill level 3 in Maces & Flails
  1510 | D:2      | Reached XP level 3. HP: 36/36 MP: 6/6
  1575 | D:2      | Learned a level 3 spell: Regeneration
  1578 | D:2      | Learned a level 2 spell: Song of Slaying
  2037 | D:2      | Reached XP level 4. HP: 43/44 MP: 7/7
  2079 | D:2      | Noticed Jessica
  2104 | D:2      | Killed Jessica
  2104 | D:2      | Reached skill level 4 in Maces & Flails
  2301 | D:2      | Noticed Robin
  2379 | D:2      | Killed Robin
  3168 | D:2      | Noticed an ogre
  3186 | D:2      | Slain by an ogre

Skill      XL: |  1  2  3  4 |
---------------+-------------+-----
Maces & Flails | 2 3 4 |  4.4
Fighting       | |  2.7
Dodging        | |  2.1
Spellcasting   | |  2.4
Charms         | |  2.6

Action                   |  1- 3 |  4- 6 || total
-------------------------+-------+-------++-------
Melee: Mace              |    51 |       ||    51
       Whip              |    79 |    95 ||   174
 Cast: Infusion          |     2 |     2 ||     4
 Stab: Sleeping          |     2 |       ||     2
  Eat: Chunk             |     4 |     3 ||     7
Armor: Robe              |    23 |    36 ||    59
Dodge: Dodged            |    61 |    67 ||   128

Levels and vault maps discovered:
D:1:      dpeg_arrival_tiny_c, layout_loops_corners, minivault_11
D:2:      layout_basic, uniq_jessica, uniq_robin
